 Dungeon Crawl Stone Soup version 0.25-a0-835-gb37b1c2 (webtiles) character file.

Game seed: 12674361123092315237, levelgen mode: deterministic

3544 smeego the Digger (level 9, -7/74 HPs)
             Began as a Red Draconian Earth Elementalist on Apr 24, 2020.
             Was a Priest of Vehumet.
             Killed from afar by Maurice (19 damage)
             ... with a bolt of acid
             ... on level 9 of the Dungeon.
             The game lasted 00:19:58 (7862 turns).

smeego the Digger (DrEE)                            Turns: 7862, Time: 00:19:59

Health: -7/74      AC:  8    Str: 12    XL:     9   Next: 83%
Magic:  14/14      EV: 15    Int: 18    God:    Vehumet [***...]
Gold:   493        SH:  0    Dex: 13    Spells: 1/17 levels left

rFire    + . .     SeeInvis .   y - +4 short sword
rCold    . . .     Gourm    .   (no shield)
rNeg     . . .     Faith    .   (armour unavailable)
rPois    .         Spirit   .   (helmet restricted)
rElec    .         Reflect  .   n - +2 cloak
rCorr    .         Harm     .   u - +1 pair of gloves
MR       .....                  (no boots)
Stlth    ++++......             (no amulet)
HPRegen  0.22/turn              x - +1 ring of evasion
MPRegen  0.14/turn              (no ring)

@: corroded
A: breathe fire, unfitting armour, big wings, camouflage 1, agile 1, fire
resistance 1, low mp 1, cold-blooded, AC +7
a: Breathe Fire, Fly, Renounce Religion


You were on level 9 of the Dungeon.
You worshipped Vehumet.
Vehumet was most pleased with you.
You were hungry.

You visited 1 branch of the dungeon, and saw 10 of its levels.

You collected 493 gold pieces.

Inventory:

Hand Weapons
 y - a +4 short sword (weapon)
Missiles
 b - 163 stones (quivered)
 e - 12 silver javelins
 o - 6 javelins
Armour
 n - a +2 cloak (worn)
 u - a +1 pair of gloves (worn)
Jewellery
 x - a +1 ring of evasion (left hand)
Wands
 w - a wand of iceblast (6)
 D - a wand of enslavement (9)
Scrolls
 f - a scroll of vulnerability {unknown}
 h - a scroll of blinking {unknown}
 j - 3 scrolls of enchant armour
 k - a scroll of magic mapping
 l - 3 scrolls of teleportation
 m - 3 scrolls of remove curse {unknown}
 s - a scroll of amnesia {unknown}
 t - a scroll of holy word {unknown}
 v - a scroll of fear
Potions
 a - 3 potions of berserk rage
 d - 4 potions of magic
 g - 5 potions of curing
 i - a potion of heal wounds {unknown}
 p - a potion of resistance {unknown}
 q - a potion of degeneration {unknown}
 r - 2 potions of lignification
 z - a potion of stabbing {unknown}
 A - a potion of invisibility {unknown}
 B - 2 potions of haste
Comestibles
 c - 12 rations


   Skills:
 + Level 5.2 Fighting
 + Level 4.8 Dodging
 + Level 5.2 Stealth
 - Level 2.1 Unarmed Combat
 + Level 4.9 Spellcasting
 + Level 4.2 Conjurations
 + Level 4.5 Transmutations
 * Level 7.9 Earth Magic


You had one spell level left.
You knew the following spells:

 Your Spells              Type           Power        Failure   Level  Hunger
a - Sandblast             Erth           ####..       1%          1    None
b - Stone Arrow           Conj/Erth      ####..       1%          3    ###....
c - Petrify               Tmut/Erth      ####....     11%         4    ####...
d - Lee's Rapid Deconstr  Erth           ####......   4%          5    ######.
e - Dazzling Flash        Conj/Hex       ##....       4%          3    ###....

Your spell library contained the following spells:

 Spells                   Type           Power        Failure   Level  Hunger
 Frozen Ramparts          Ice            #.....       11%         3    ###....
 Apportation              Tloc           #.....       14%         1    None
 Summon Butterflies       Summ           #.......     14%         1    None
 Passwall                 Tmut/Erth      ####....     1%          2    #......
 Lesser Beckoning         Tloc           #.........   38%         3    ###....
 Tukima's Dance           Hex            #.......     38%         3    ###....
 Alistair's Intoxication  Tmut/Pois      ##......     83%         5    ######.
 Invisibility             Hex            #.......     100%        6    #######


Dungeon Overview and Level Annotations

Branches:
Dungeon (10/15)            Temple (0/1) D:5
   Lair: D:8-11         Orc: D:9-12

Altars:
Dithmenos
Elyvilon
Makhleb
Nemelex Xobeh
Okawaru
Qazlal
Ru
Sif Muna
Trog
Uskayaw
Vehumet
Xom
Zin

Shops:
D:6 (

Annotations:
D:5 1 runed translucent door
D:9 Harold, Maurice


Innate Abilities, Weirdness & Mutations

You can breathe blasts of fire.
Your fiery red scales are hard. (AC +7)
You cannot fit into any form of body armour.
Your flesh is heat resistant. (rF+)
You are cold-blooded and may be slowed by cold attacks.
Your large and strong wings let you fly indefinitely.
Your skin changes colour to match your surroundings (Stealth+).
You are agile. (Dex +2)
Your magical capacity is low. (-10% MP)


Message History

The orc wizard gestures wildly while chanting.
The orc wizard blinks!
An ice beast comes into view.
The ice beast moves out of view.
An ogre comes into view. It is wielding a +0 giant club.
The ogre moves out of view.
Maurice zaps a wand.
The bolt of acid hits you. The acid corrodes you!
You are splashed with acid!
The orc wizard casts a spell.
The orc wizard blinks!
An orc comes into view. It is wielding a +0 hand axe.
Maurice zaps a wand.
The bolt of acid hits you.
You are splashed with acid!
* * * LOW HITPOINT WARNING * * *
The orc shouts!
You hit the orc wizard but do no damage.
The orc wizard barely misses you.
You closely miss the orc wizard.
The orc wizard hits you but does no damage.
Maurice zaps a wand.
The bolt of acid hits you!!
You die...

*...***,** *#.*#.#*,#....H..#*,*,
*..###*,* ###.##.##,###..W##...#*
*.....,,* #.......#,**#..z#,....#
#....,,,* #.......#,##......#....
...,,,,,* #....@..#............##
.#,,,,,,* #.......#....##...##.#,
.#,,,,,,**#.........##F....#.,..,
.#,,,,,,,o#.......#....#......##.
.#,,,,.#*..o...o@...#....,,**,**,
.#,,,o.**##...[.o.#....#.****,*#,
5#**#.#***###.....#......* *.##.
.###..###.,.....<.#.?...#* *....
H##..##...####>#........#****....
.##.#...#** #.#..<....#.,,,,....
........# ##.....o....,*,,,....
...5.H..# ###......o..,,,,,,,....
........# #...........,,,,,,,....


You could see Maurice, a bullfrog (wandering), 2 orc wizards and 4 orcs.

Vanquished Creatures
  An ogre mage (D:7)
  Pikel (D:5)
  Psyche (D:8)
  A hippogriff (D:8)
  A slave (D:4)
  An orc warrior (D:8)
  A sky beast (D:5)
  A phantom (D:4)
  An ogre (D:8)
  A centaur (D:6)
  5 bullfrogs
  A scorpion (D:6)
  A howler monkey (D:4)
  4 crimson imps
  A jelly (D:8)
  6 hounds
  A gnoll shaman (D:4)
  A centaur skeleton (D:7)
  3 orc priests
  A bullfrog skeleton (D:7)
  An iguana (D:8)
  5 orc wizards
  3 worker ants
  2 hound skeletons
  13 gnolls
  11 adders
  A shadow imp (D:6)
  An ooze (D:1)
  An adder zombie (D:6)
  An adder skeleton (D:6)
  A worm (D:3)
  2 dart slugs
  2 leopard geckos
  17 orcs
  6 giant cockroaches
  20 goblins
  7 hobgoblins
  5 jackals
  5 quokkas
  3 ball pythons
  9 bats
  6 frilled lizards
  6 kobolds
  A leopard gecko skeleton (D:5)
  2 quokka skeletons
  9 rats
174 creatures vanquished.

Vanquished Creatures (others)
  A bullfrog (D:9)
  An orc wizard (D:9)
  A gnoll (D:9)
3 creatures vanquished.

Grand Total: 177 creatures vanquished

Notes
Turn   | Place    | Note
-------+----------+-------------------------------------------
     0 | D:1      | smeego the Draconian Earth Elementalist began the quest for
                  | the Orb.
     0 | D:1      | Reached XP level 1. HP: 14/14 MP: 3/3
   546 | D:2      | Reached XP level 2. HP: 6/22 MP: 0/5
   917 | D:4      | Reached skill level 1 in Fighting
   917 | D:4      | Reached XP level 3. HP: 26/28 MP: 1/6
  1048 | D:4      | Reached skill level 1 in Unarmed Combat
  1048 | D:4      | Reached XP level 4. HP: 35/35 MP: 3/7
  1080 | D:5      | Entered Level 5 of the Dungeon
  1147 | D:5      | Found a shimmering blue altar of Sif Muna.
  1252 | D:5      | Reached skill level 4 in Earth Magic
  1252 | D:5      | Reached XP level 5. HP: 32/41 MP: 1/8
  1364 | D:5      | Noticed a sky beast
  1398 | D:5      | Killed a sky beast
  1428 | D:5      | Found a sacrificial altar of Ru.
  1545 | D:5      | Found a glowing silver altar of Zin.
  1545 | D:5      | Found a runed translucent door.
  1545 | D:5      | Noticed an angel
  1546 | D:5      | Noticed a slave
  1546 | D:5      | Noticed a slave
  1546 | D:5      | Noticed a slave
  1547 | D:5      | Noticed Pikel
  1548 | D:5      | Noticed a slave
  1605 | D:4      | Noticed a phantom
  1642 | D:4      | Killed a phantom
  1642 | D:4      | Reached XP level 6. HP: 48/48 MP: 0/10
  1781 | D:4      | Found a radiant altar of Vehumet.
  1873 | D:4      | Became a worshipper of Vehumet
  2187 | D:1      | Learned a level 3 spell: Stone Arrow
  2192 | D:1      | Learned a level 4 spell: Petrify
  2801 | D:2      | Reached * piety under Vehumet
  2801 | D:2      | Offered knowledge of Foxfire by Vehumet.
  3106 | D:2      | Found a glowing silver altar of Zin.
  3106 | D:2      | Found a hide-covered altar of Uskayaw.
  3615 | D:3      | Your scales start taking on a fiery red colour.
  3615 | D:3      | Reached XP level 7. HP: 49/56 MP: 9/11
  3615 | D:3      | Gained mutation: Your flesh is heat resistant. (rF+) [Red
                  | Draconian growth]
  3619 | D:3      | Reached skill level 5 in Earth Magic
  3864 | D:3      | Offered knowledge of Freeze by Vehumet.
  3865 | D:3      | Reached ** piety under Vehumet
  3911 | D:3      | Found a sparkling altar of Nemelex Xobeh.
  3966 | D:3      | Reached skill level 1 in Conjurations
  4844 | D:5      | Found an iron altar of Okawaru.
  4844 | D:5      | Found a bloodstained altar of Trog.
  5073 | D:5      | Found a staircase to the Ecumenical Temple.
  5124 | D:5      | Killed Pikel
  5124 | D:5      | Reached XP level 8. HP: 55/63 MP: 4/13
  5210 | D:6      | Found Loheril's Weapon Boutique.
  5212 | D:6      | Found a white marble altar of Elyvilon.
  5237 | D:6      | Reached skill level 6 in Earth Magic
  6096 | D:6      | Gained mutation: You expend magic power (3 MP) to
                  | strengthen your wands. [potion of mutation]
  6096 | D:6      | Gained mutation: Your tail ends in a poisonous barb.
                  | [potion of mutation]
  6096 | D:6      | Gained mutation: You are clumsy. (Dex -2) [potion of
                  | mutation]
  6096 | D:6      | Gained mutation: Your mind is acute. (Int +2) [potion of
                  | mutation]
  6097 | D:6      | Lost mutation: You are clumsy. (Dex -2) [potion of
                  | mutation]
  6097 | D:6      | Lost mutation: Your mind is acute. (Int +2) [potion of
                  | mutation]
  6097 | D:6      | Lost mutation: You expend magic power (3 MP) to strengthen
                  | your wands. [potion of mutation]
  6097 | D:6      | Lost mutation: Your tail ends in a poisonous barb. [potion
                  | of mutation]
  6097 | D:6      | Gained mutation: Your skin changes colour to match your
                  | surroundings (Stealth+). [potion of mutation]
  6097 | D:6      | Gained mutation: Your magical capacity is low. (-10% MP)
                  | [potion of mutation]
  6097 | D:6      | Gained mutation: Your large and strong wings let you fly
                  | indefinitely. [potion of mutation]
  6097 | D:6      | Gained mutation: You are agile. (Dex +2) [potion of
                  | mutation]
  6104 | D:6      | Learned a level 5 spell: Lee's Rapid Deconstruction
  6124 | D:7      | Noticed a two-headed ogre
  6254 | D:7      | Offered knowledge of Dazzling Flash by Vehumet.
  6264 | D:7      | Found a stormy altar of Qazlal.
  6613 | D:7      | Noticed an ogre mage
  6810 | D:7      | Killed an ogre mage
  6810 | D:7      | Reached skill level 7 in Earth Magic
  6810 | D:7      | Reached XP level 9. HP: 72/72 MP: 11/14
  6887 | D:7      | Noticed an orc sorcerer
  6909 | D:8      | Reached *** piety under Vehumet
  7078 | D:8      | Found a shadowy altar of Dithmenos.
  7107 | D:8      | Learned a level 3 spell: Dazzling Flash
  7189 | D:8      | Reached skill level 5 in Stealth
  7191 | D:8      | Reached skill level 5 in Fighting
  7297 | D:8      | Noticed Psyche
  7310 | D:8      | Killed Psyche
  7310 | D:8      | Offered knowledge of Frozen Ramparts by Vehumet.
  7506 | D:8      | Found a burning altar of Makhleb.
  7698 | D:9      | Noticed a two-headed ogre
  7707 | D:10     | Entered Level 10 of the Dungeon
  7709 | D:10     | Noticed a green ugly thing
  7723 | D:9      | Noticed a two-headed ogre
  7843 | D:9      | Noticed Harold
  7849 | D:9      | Found a shimmering altar of Xom.
  7856 | D:9      | Noticed Maurice
  7862 | D:9      | Killed from afar by Maurice

Levels and vault maps discovered:
D:1:      ncdulo_watergridlock, layout_basic
D:2:      layout_rooms, amethyst_overflow_temple_binary, minmay_pentomino_pile
D:3:      layout_loops_ring, nemelex_xobeh_ov_fountains_minmay,
          minmay_goblin_outpost
D:4:      layout_loops_ring, fiery_altar_vehumet, first_ration
D:5:      layout_loops_ring, grunt_temple_overflow_bloody_war,
          lemuel_round_altar, old_standard_altar, lemuel_temple_firewalk_b,
          lemuel_angel_altar, uniq_pikel
D:6:      layout_loops_cross, serial_shops, shop, basic_altar,
          kennysheep_generic_room_8
D:7:      layout_rooms, nicolae_qazlal_eye_of_the_storm, lemuel_doored_altar,
          the_bakery, minmay_the_grid_2x2 [minmay_the_grid_embedded,
          minmay_the_grid_dragon_a, minmay_the_grid_tri_star,
          minmay_the_grid_prize_four_corners_diamond_a]
D:8:      layout_loops_cross, grunt_dithmenos_smoke, makhleb_heckhound_becter,
          uniq_psyche
D:9:      layout_rooms, xom_confusion_cloud,
          yredelemnul_forgotten_temple_becter, minmay_gold_behind_fungi,
          minmay_another_anthill, uniq_gastronok, uniq_maurice, uniq_erica,
          uniq_harold
D:10:     layout_loops_cross, erik_lair_island, ebering_ghost_xom,
          kennysheep_small_square

Skill      XL: |  1  2  3  4  5  6  7  8  9 |
---------------+----------------------------+-----
Dodging        | 2 3 4 |  4.8
Fighting       | 1 2 3 4 5 |  5.2
Stealth        | 2 3 4 5 |  5.2
Unarmed Combat | 1 2 |  2.1
Earth Magic    | 4 5 7 |  7.9
Spellcasting   | 3 4 |  4.9
Conjurations   | 2 3 4 |  4.2
Transmutations | 2 3 4 |  4.5

Action                   |  1- 3 |  4- 6 |  7- 9 || total
-------------------------+-------+-------+-------++-------
Melee: Unarmed           |    38 |   139 |   154 ||   331
       Tailslap          |     6 |     9 |    38 ||    53
       Short sword       |       |       |   225 ||   225
       Punch             |       |       |     2 ||     2
Throw: Javelin           |       |       |    14 ||    14
 Cast: Sandblast         |    21 |    54 |    54 ||   129
       Stone Arrow       |       |    10 |    20 ||    30
       Petrify           |       |       |    11 ||    11
 Abil: Breathe Fire      |       |       |     5 ||     5
Evoke: Wand              |       |       |     6 ||     6
  Use: Scroll            |       |       |    13 ||    13
       Potion            |       |       |     4 ||     4
 Stab: Sleeping          |     1 |     5 |    14 ||    20
  Eat: Chunk             |       |     6 |    16 ||    22
       Ration            |       |     1 |     1 ||     2
Armor: Skin              |    17 |    67 |   175 ||   259
Dodge: Dodged            |    44 |   102 |   345 ||   491

Table legend:
 A = Non-vault XP
 B = Vault XP
 C = Vault XP percentage of total XP
 D = Non-vault monster count
 E = Vault monster count
 F = Vault count percentage of total count
                 A         B        C        D         E       F
            +---------+---------+-------+---------+---------+-------
      Total |    2924 |    2140 |  42.3 |     149 |      24 |  13.9
            +---------+---------+-------+---------+---------+-------
        D:1 |      68 |       0 |   0.0 |      30 |       0 |   0.0
        D:2 |     123 |      34 |  21.7 |      13 |       6 |  31.6
        D:3 |      99 |      21 |  17.5 |      22 |      11 |  33.3
        D:4 |     380 |       0 |   0.0 |      13 |       0 |   0.0
        D:5 |     293 |     655 |  69.1 |      10 |       2 |  16.7
        D:6 |     594 |       2 |   0.3 |      20 |       1 |   4.8
        D:7 |     296 |     967 |  76.6 |      16 |       2 |  11.1
        D:8 |     924 |     461 |  33.3 |      21 |       2 |   8.7
        D:9 |     147 |       0 |   0.0 |       4 |       0 |   0.0
            +---------+---------+-------+---------+---------+-------
